 Dungeon Crawl Stone Soup version 0.29.0-4-gdea44cf6ec (webtiles) character file.

Game seed: 8777373502832017870

161 qw the Chopper (level 5, -6/37 HPs)
             Began as a Barachi Chaos Knight on Sept 6, 2022.
             Killed from afar by an orc wizard (9 damage)
             ... with a puff of flame
             ... on level 3 of the Dungeon.
             The game lasted 00:01:15 (2756 turns).

qw the Chopper (Barachi Chaos Knight)               Turns: 2756, Time: 00:01:15

Health: -6/37      AC: 11    Str: 15 (16) XL:     5   Next: 42%
Magic:  5/5        EV:  8    Int: 15      God:
Gold:   92         SH:  0    Dex: 11      Spells: 4/4 levels left

rFire   . . .      SeeInvis .   Y - +0 hand axe (chaos)
rCold   . . .      Faith    .   (no shield)
rNeg    . . .      Spirit   .   i - +0 plate armour
rPois   .          Reflect  .   (no helmet)
rElec   .          Harm     .   (no cloak)
rCorr   +          Rampage  .   (no gloves)
Will    +....                   (no boots)
Stlth   ..........              (no amulet)
HPRegen 0.12/turn               f - ring of willpower
MPRegen 0.09/turn               a - ring "Iteunael" {rCorr EV+4 Int+5}

@: unable to read, slow
A: amphibious, slowness 1, strong legs 1, +LOS, deterioration 1, dopey 1, frail
1, inability to read after injury 2
a: Hop


You were on level 3 of the Dungeon.
You visited 1 branch of the dungeon, and saw 3 of its levels.

You collected 116 gold pieces.
You spent 24 gold pieces at shops.


Innate Abilities, Weirdness & Mutations

You are amphibious.
You cover ground slowly.
You can hop short distances.
You have an extended range of vision and can be seen from far away.
Your body sometimes deteriorates upon taking damage.
You are dopey. (Int -2)
You are frail. (-10% HP)
You sometimes lose the ability to read scrolls when taking damage.


   Skills:
 - Level 4.1 Fighting
 + Level 6.0 Axes
 - Level 3.1 Armour
 - Level 1.1 Dodging


You had 4 spell levels left.
You didn't know any spells.
Your spell library was empty.

Inventory:

Hand Weapons
 p - a +0 flail
 Y - a +0 hand axe of chaos (weapon)
Missiles
 o - 5 boomerangs (quivered)
Armour
 i - a +0 plate armour (worn)
Jewellery
 a - the ring "Iteunael" (right hand) {rCorr EV+4 Int+5}
   (You acquired it on level 1 of the Dungeon)

   [ring of evasion]

   EV:        It affects your evasion (+4).
   Int:       It affects your intelligence (+5).
   rCorr:     It protects you from acid and corrosion.
 f - a ring of willpower (left hand)
Scrolls
 g - 3 scrolls of identify
 k - a scroll of teleportation {unknown}
Potions
 b - a potion of resistance {unknown}
 d - a potion of might
 e - a potion of mutation {unknown}
 h - a potion of magic {unknown}
 j - a potion of curing
 l - 2 potions of ambrosia {unknown}
Miscellaneous
 c - a piece from Xom's chessboard (15/15)

Dungeon Overview and Level Annotations

Branches:
Dungeon (3/15)

Altars:
Xom

Shops:
D:1 ?


Message History

Your goblin zombie closely misses the orc wizard.
You closely miss the orc wizard.
The orc wizard is lightly wounded.
The goblin hits your goblin zombie with a +0 dagger.
The orc wizard casts a spell at you. The puff of flame hits you.
You slash the orc wizard!
The orc wizard is severely wounded.
Your goblin zombie barely misses the orc wizard.
The goblin hits your goblin zombie with a +0 dagger.
The orc wizard closely misses you.
You hit the orc wizard but do no damage.
The orc wizard is severely wounded.
You can read scrolls again.
Your goblin zombie barely misses the goblin.
The goblin barely misses your goblin zombie.
The orc wizard gestures at you while chanting.
The magic dart hits you.
You feel threatened and lose the ability to read scrolls!
You hit the orc wizard but do no damage.
The orc wizard is severely wounded.
Your goblin zombie hits the goblin.
The goblin closely misses your goblin zombie.
The orc wizard closely misses you. The dart slug launches a dart at you.
The slug dart hits your goblin zombie.
Your goblin zombie is destroyed!
You hit the orc wizard. You freeze the orc wizard.
The orc wizard is severely wounded.
You can read scrolls again.
The orc wizard points at you and mumbles some strange words.
You resist with almost no effort.
You miss the orc wizard.
The orc wizard is severely wounded.
You barely miss the goblin. The goblin hits you but does no damage.
The orc wizard gestures at you while chanting.
The puff of flame hits you!
You feel threatened and lose the ability to read scrolls!
You die...

.....# ##.......#. ..$
###### #...######. ..# #
#...# . .. #...# .#.# . ###
#...# ... w# ..# #...# #.#
....
#.######...#######.###..#..
#..............).w.........
...............)@g..#
#..............))o#.#
#.####......#####.#..g ..#
#.#....# #.#.g#g. ###
#.#....# #..... ..# #
#.#....# ###.g.. .# ##
#.<....# #.... .#
.#######)..## ##.## # ....#
#.).########## .#


You could see an orc wizard, a dart slug and a goblin.

Vanquished Creatures
  Robin (D:3)
  5 adders
  3 gnolls
  2 dart slugs (D:2)
  An orc (D:3)
  6 ball pythons
  8 endoplasms
  3 giant cockroaches
  10 goblins
  11 hobgoblins
  5 kobolds
  A quokka (D:1)
  4 bats
  3 frilled lizards
  6 rats
69 creatures vanquished.

Vanquished Creatures (others)
  A goblin zombie (D:3)
1 creature vanquished.

Grand Total: 70 creatures vanquished

Notes
Turn   | Place    | Note
-------+----------+-------------------------------------------
     0 | D:1      | qw the Barachi Chaos Knight began the quest for the Orb.
     0 | D:1      | Reached XP level 1. HP: 18/18 MP: 1/1
     0 | D:1      | 0 ||| qw: Version: 0.1-a-108-g9e35731
     0 | D:1      | 0 ||| qw: Game counter: 6308
     0 | D:1      | 0 ||| qw: Always use a shield: true
     0 | D:1      | 0 ||| qw: God list: Okawaru
     0 | D:1      | 0 ||| qw: Allow faded altars: false
     0 | D:1      | 0 ||| qw: Do Orc after D:15 true
     0 | D:1      | 0 ||| qw: Do second Lair branch before Depths: true
     0 | D:1      | 0 ||| qw: Lair rune preference: random
     0 | D:1      | 0 ||| qw: Plans: Normal
     0 | D:1      | 0 ||| PLANNING D:1-11
     0 | D:1      | Fell from the grace of Xom
   129 | D:1      | XOM: scenery: create altars
   226 | D:1      | Reached XP level 2. HP: 16/24 MP: 2/2
   237 | D:1      | Found a faded altar of an unknown god.
   237 | D:1      | XOM: 8-stop teleportation journey
   367 | D:1      | Reached skill level 4 in Axes
   620 | D:1      | XOM: give mutations
   620 | D:1      | Gained mutation: You occasionally lose the ability to read
                  | scrolls when taking damage. [Xom's mischief]
   620 | D:1      | Gained mutation: Your body sometimes deteriorates upon
                  | taking damage. [Xom's mischief]
   620 | D:1      | Lost mutation: Your body sometimes deteriorates upon taking
                  | damage. [Xom's mischief]
   809 | D:1      | Found Vice's Magic Scroll Shoppe.
   819 | D:1      | 819 ||| SHOPLISTING scroll of enchant armour (90 gold, have
                  | 39).
   819 | D:1      | 819 ||| BUYING scroll of identify (24 gold).
   819 | D:1      | Bought a scroll of identify for 24 gold pieces
   819 | D:1      | 819 ||| SHOPLISTING scroll of identify (24 gold, have 15).
   819 | D:1      | 819 ||| SHOPLISTING scroll of teleportation (36 gold, have
                  | 15).
   853 | D:1      | 853 ||| UPGRADING to +0 ring mail.
   863 | D:1      | 863 ||| DROPPING +2 leather armour.
   864 | D:1      | 864 ||| UPGRADING to ring of willpower.
   865 | D:1      | 865 ||| READING scroll labelled DANAOM NUQU.
   866 | D:1      | 866 ||| READING scroll labelled KEGOZ COEVAXT.
   867 | D:1      | 867 ||| READING 2 scrolls labelled URCHOI LOJINUPS.
   868 | D:1      | 868 ||| READING scroll labelled XAATTAZ LAQUOC.
   868 | D:1      | Identified a scroll of acquirement
   868 | D:1      | 868 ||| ACQUIRING ring "Iteunael" {rCorr EV+4 Int+5}
   868 | D:1      | Acquired the ring "Iteunael" {rCorr EV+4 Int+5}
   870 | D:1      | 870 ||| UPGRADING to ring "Iteunael" {rCorr EV+4 Int+5}.
   871 | D:1      | 871 ||| READING scroll labelled TUVVOS XAUNTE.
   872 | D:1      | 872 ||| READING scroll labelled ABODAZ SEUSE.
   873 | D:1      | 873 ||| DRINKING 2 sapphire potions.
   874 | D:1      | 874 ||| READING 3 scrolls of identify.
   874 | D:1      | 874 ||| IDENTIFYING cyan potion
   875 | D:1      | 875 ||| READING 2 scrolls of identify.
   875 | D:1      | 875 ||| IDENTIFYING dark potion
   876 | D:1      | 876 ||| DROPPING potion of flight.
   877 | D:1      | 877 ||| DROPPING scroll of blinking.
   963 | D:2      | Reached XP level 3. HP: 29/29 MP: 3/3
   973 | D:2      | 973 ||| Stepping ~*~*~tactically~*~*~ (stealth).
   974 | D:2      | 974 ||| Stepping ~*~*~tactically~*~*~ (stealth).
   975 | D:2      | 975 ||| Stepping ~*~*~tactically~*~*~ (stealth).
   996 | D:2      | 996 ||| Stepping ~*~*~tactically~*~*~ (stealth).
  1061 | D:2      | Reached skill level 5 in Axes
  1120 | D:2      | Reached XP level 4. HP: 36/36 MP: 4/4
  1279 | D:2      | 1279 ||| Stepping ~*~*~tactically~*~*~ (stealth).
  1280 | D:2      | 1280 ||| Stepping ~*~*~tactically~*~*~ (stealth).
  1281 | D:2      | 1281 ||| Stepping ~*~*~tactically~*~*~ (stealth).
  1303 | D:2      | 1303 ||| Stepping ~*~*~tactically~*~*~ (hiding).
  1360 | D:2      | 1360 ||| Stepping ~*~*~tactically~*~*~ (stealth).
  1407 | D:2      | 1407 ||| Stepping ~*~*~tactically~*~*~ (stealth).
  1408 | D:2      | 1408 ||| Stepping ~*~*~tactically~*~*~ (stealth).
  1640 | D:2      | 1640 ||| UPGRADING to +0 scale mail.
  1650 | D:2      | 1650 ||| DROPPING +0 ring mail.
  1651 | D:2      | 1651 ||| UPGRADING to +0 plate armour.
  1661 | D:2      | 1661 ||| DROPPING +0 scale mail.
  1662 | D:2      | 1662 ||| READING scroll labelled ANYININWUCW.
  1682 | D:3      | 1682 ||| Stepping ~*~*~tactically~*~*~ (hiding).
  1683 | D:3      | 1683 ||| STAIRDANCE
  1775 | D:2      | XOM: give mutation
  1775 | D:2      | Gained mutation: Your spells are a little harder to cast,
                  | but a little more powerful. [Xom's mischief]
  1873 | D:3      | 1873 ||| STAIRDANCE
  1882 | D:3      | 1882 ||| STAIRDANCE
  1896 | D:3      | 1896 ||| STAIRDANCE
  1981 | D:3      | 1981 ||| FLEEEEING.
  1982 | D:3      | 1982 ||| STAIRDANCE
  2022 | D:3      | Reached skill level 6 in Axes
  2022 | D:3      | 2022 ||| STAIRDANCE
  2119 | D:2      | XOM: give mutations
  2119 | D:2      | Gained mutation: Your body sometimes deteriorates upon
                  | taking damage. [Xom's mischief]
  2119 | D:2      | Gained mutation: You are dopey. (Int -2) [Xom's mischief]
  2119 | D:2      | Lost mutation: Your spells are a little harder to cast, but
                  | a little more powerful. [Xom's mischief]
  2119 | D:2      | Gained mutation: You sometimes lose the ability to read
                  | scrolls when taking damage. [Xom's mischief]
  2191 | D:3      | Reached XP level 5. HP: 41/41 MP: 5/5
  2240 | D:3      | 2240 ||| Stepping ~*~*~tactically~*~*~ (stealth).
  2241 | D:3      | 2241 ||| Stepping ~*~*~tactically~*~*~ (stealth).
  2337 | D:3      | Reached skill level 3 in Armour
  2505 | D:3      | XOM: stat loss: -1 Str (15/16)
  2665 | D:3      | XOM: give mutation
  2665 | D:3      | Gained mutation: You are frail. (-10% HP) [Xom's mischief]
  2722 | D:3      | Noticed Robin
  2723 | D:3      | 2723 ||| Stepping ~*~*~tactically~*~*~ (stealth).
  2724 | D:3      | 2724 ||| Stepping ~*~*~tactically~*~*~ (hiding).
  2725 | D:3      | 2725 ||| Stepping ~*~*~tactically~*~*~ (hiding).
  2744 | D:3      | HP: 7/37 [orc wizard/+0 dagger (3)]
  2746 | D:3      | Killed Robin
  2751 | D:3      | HP: 6/37 [orc wizard/puff of flame (1)]
  2756 | D:3      | Killed from afar by an orc wizard

Levels and vault maps discovered:
D:1:      amcnicky_arrival_single_pillar, layout_basic,
          chequers_ecumenical_altar_island, serial_shops, shop,
          minmay_misc_feat_tiny
D:2:      layout_loops_ring
D:3:      layout_loops_cross, uniq_robin, uniq_ijyb

Skill      XL: |  1  2  3  4  5 |
---------------+----------------+-----
Axes           | 4 5 6 |  6.0
Armour         | 3 |  3.1
Fighting       | 4 |  4.1
Dodging        | |  1.1

Action                   |  1- 3 |  4- 6 || total
-------------------------+-------+-------++-------
Melee: Hand axe          |    68 |   122 ||   190
       Punch             |       |     1 ||     1
Throw: Boomerang         |    15 |    29 ||    44
Invok: Renounce Religion |     1 |       ||     1
  Use: Scroll            |     8 |     1 ||     9
       Potion            |     1 |       ||     1
 Stab: Petrified         |     2 |       ||     2
       Paralysed         |       |     2 ||     2
Armor: Leather armour    |     6 |       ||     6
       Ring mail         |    11 |     6 ||    17
       Plate armour      |       |    46 ||    46
Dodge: Dodged            |    29 |    67 ||    96

Table legend:
 A = Non-vault XP
 B = Vault XP
 C = Vault XP percentage of total XP
 D = Non-vault monster count
 E = Vault monster count
 F = Vault count percentage of total count
                 A         B        C        D         E       F
            +---------+---------+-------+---------+---------+-------
      Total |     197 |      34 |  14.7 |      58 |      11 |  15.9
            +---------+---------+-------+---------+---------+-------
        D:1 |      29 |       0 |   0.0 |      17 |       0 |   0.0
        D:2 |      95 |       0 |   0.0 |      25 |       0 |   0.0
        D:3 |      73 |      34 |  31.8 |      16 |      11 |  40.7
            +---------+---------+-------+---------+---------+-------
